 Dungeon Crawl Stone Soup version 0.27-a0-899-ge2d0b17 (webtiles) character file.

Game seed: 2388180826460482108

88 Nithhogg the Skirmisher (level 4, 0/35 HPs)
             Began as a Demonspawn Fighter on Apr 5, 2021.
             Slain by an ogre
             ... wielding a +0 giant club
              (19 damage)
             ... on level 4 of the Dungeon.
             The game lasted 00:04:17 (2908 turns).

Nithhogg the Skirmisher (Demonspawn Fighter)        Turns: 2908, Time: 00:04:17

Health: 0/35       AC:  6    Str: 18    XL:     4   Next: 29%
Magic:  4/4        EV: 10    Int:  9    God:
Gold:   142        SH:  0    Dex: 14    Spells: 3/3 levels left

rFire    . . .     SeeInvis .   a - +0 long sword
rCold    . . .     Faith    .   (no shield)
rNeg     . . .     Spirit   .   b - +0 scale mail
rPois    .         Reflect  .   (helmet restricted)
rElec    .         Harm     .   (no cloak)
rCorr    .         Rampage  .   (no gloves)
Will     .....                  (no boots)
Stlth    +.........             (no amulet)
HPRegen  0.11/turn              (no ring)
MPRegen  0.09/turn              (no ring)

@: no status effects
A: antennae 1, thin skeletal structure 1, demonic magic 1
a: no special abilities


You were on level 4 of the Dungeon.
You visited 1 branch of the dungeon, and saw 4 of its levels.

You collected 142 gold pieces.

Inventory:

Hand Weapons
 a - a +0 long sword (weapon)
Armour
 b - a +0 scale mail (worn)
 c - a +0 kite shield
Jewellery
 e - a ring of protection from fire
Scrolls
 h - a scroll of magic mapping {unknown}
 i - a scroll of teleportation {unknown}
 j - a scroll of identify {unknown}
 k - a scroll of immolation {unknown}
 m - a scroll of vulnerability {unknown}
 n - a scroll of silence {unknown}
Potions
 d - a potion of might
 f - 2 potions of heal wounds {unknown}
 g - a potion of lignification {unknown}
 l - 2 potions of curing {unknown}


   Skills:
 + Level 3.4 Fighting
 * Level 2.9 Long Blades
 + Level 3.1 Armour
 + Level 1.4 Dodging
 - Level 2.6 Shields


You had 3 spell levels left.
You didn't know any spells.
Your spell library contained the following spells:

 Spells                   Type           Power      Damage    Failure   Level
 Confusing Touch          Hex            0%         N/A       98%         3
 Gell's Gravitas          Tloc           0%         N/A       98%         3
 Petrify                  Tmut/Erth      0%         N/A       100%        4
 Metabolic Englaciation   Hex/Ice        0%         N/A       100%        5
 Yara's Violent Unravell  Hex/Tmut       0%         3d3       100%        5


Dungeon Overview and Level Annotations

Branches:
Dungeon (4/15)
 Temple: D:4-7

Altars:
Ru
Yredelemnul

Shops:
D:2 [!(


Innate Abilities, Weirdness & Mutations

You have a pair of small antennae on your head.
You have a somewhat thin skeletal structure. (Dex +2, Stealth)
Spells you cast may paralyse adjacent enemies.


Message History

There is an open door here.
There is an open door here.
Things that are here:
a +0 short sword; 5 stones You now have 142 gold pieces (gained 14).
You open the door.
There is an open door here.
Done exploring.
Done exploring.
(D) Dungeon
Where to? (Enter - D:3, ? - help)
Things that are here:
a +0 whip; a +0 club
There is an open door here.
Things that are here:
a +0 short sword; 5 stones
There is an open door here.
There is a stone staircase leading down here.
You climb downwards.
There is a stone staircase leading up here.
An ogre comes into view. It is wielding a +0 giant club.
The ogre shouts!
You hear a shout!
An ogre is nearby!
You hit the ogre.
The ogre is lightly wounded.
The ogre closely misses you.
You slash the ogre!
The ogre is moderately wounded.
The ogre barely misses you.
You closely miss the ogre.
The ogre is moderately wounded.
The ogre hits you with a +0 giant club!
You hit the ogre.
The ogre is heavily wounded.
The ogre misses you.
You hit the ogre but do no damage.
The ogre is heavily wounded.
The ogre hits you with a +0 giant club!!
Ouch! That really hurt!
You die...

..
.
.##
...
#.#
#.#
#O#
#@#
#.#
#.#
#.#
#.#
#<#
###


You could see an ogre.

Vanquished Creatures
  An adder (D:2)
  A worm (D:3)
  4 dart slugs
  4 ball pythons
  9 endoplasms
  8 goblins
  6 hobgoblins
  3 jackals (D:2)
  5 quokkas
  5 bats
  4 frilled lizards
  6 kobolds
  4 rats
60 creatures vanquished.

Vanquished Creatures (others)
  A goblin (D:3)
  2 plants (D:4)
3 creatures vanquished.

Grand Total: 63 creatures vanquished

Notes
Turn   | Place    | Note
-------+----------+-------------------------------------------
     0 | D:1      | Nithhogg the Demonspawn Fighter began the quest for the
                  | Orb.
     0 | D:1      | Reached XP level 1. HP: 18/18 MP: 1/1
   237 | D:1      | Gained mutation: Spells you cast may paralyse adjacent
                  | enemies. [demonic ancestry]
   237 | D:1      | Reached XP level 2. HP: 24/24 MP: 2/2
   459 | D:1      | Found a faded altar of an unknown god.
   744 | D:1      | Gained mutation: You have a somewhat thin skeletal
                  | structure. (Dex +2, Stealth) [demonic ancestry]
   744 | D:1      | Reached XP level 3. HP: 28/29 MP: 3/3
   783 | D:1      | Reached skill level 1 in Dodging
  1447 | D:2      | Found Cegh's Distillery.
  1566 | D:2      | Found Heanor's Antique Armour Shoppe.
  1657 | D:2      | Found Ufyhyvoa's Antique Weapon Boutique.
  2096 | D:3      | Gained mutation: You have a pair of small antennae on your
                  | head. [demonic ancestry]
  2096 | D:3      | Reached XP level 4. HP: 35/35 MP: 4/4
  2258 | D:3      | Found a basalt altar of Yredelemnul.
  2699 | D:3      | Found a sacrificial altar of Ru.
  2900 | D:4      | Noticed an ogre
  2908 | D:4      | Slain by an ogre

Illustrated notes

Levels and vault maps discovered:
D:1:      lightli_arrival_farm, layout_basic, chequers_ecumenical_altar_simple
D:2:      layout_loops_ring, serial_shops, nicolae_shop_behind_doors, shop, shop
D:3:      layout_loops_corners, overflow_temple_1_default,
          nicolae_ru_path_of_blood
D:4:      wad_woods_stonehenge, layout_basic, grunt_ministairs_9

Skill      XL: |  1  2  3 |
---------------+----------+-----
Long Blades    | 2 |  2.9
Dodging        | 1 |  1.4
Armour         | 3 |  3.1
Fighting       | |  3.4
Shields        | |  2.6

Action                   |  1- 3 |  4- 6 || total
-------------------------+-------+-------++-------
Melee: Long sword        |   125 |    28 ||   153
 Stab: Sleeping          |     1 |       ||     1
Armor: Scale mail        |    62 |     6 ||    68
Dodge: Dodged            |    69 |    13 ||    82
       Rpst.: Long sword |    26 |     3 ||    29

Table legend: (Time is in decaauts)
 A = Elapsed time spent in this place.
 B = Non-inter-level travel time spent in this place.
 C = Inter-level travel time spent in this place.
 D = Time resting spent in this place.
 E = Time spent auto-exploring this place.
 F = Levels seen in this place.
 G = Mean time per level.
                   A        B        C        D        E       F      G
               +--------+--------+--------+--------+--------+-----+--------+
         Total |   2976 |   2874 |    102 |      0 |   2479 |   4 |  744.0 |
       Dungeon |   2976 |   2874 |    102 |      0 |   2479 |   4 |  744.0 |
               +--------+--------+--------+--------+--------+-----+--------+

Top non-repeatable levels by time:
     D:1: 1186 daAuts
     D:3: 1050 daAuts
     D:2: 729 daAuts
     D:4: 10 daAuts
